 Dungeon Crawl Stone Soup version 0.30-a0-912-ge10d75a369 (webtiles) character file.

Game seed: 11791258354555731837

2511 Grim the Cleaver (level 9, -5/74 (78) HPs)
             Began as a Minotaur Fighter on Mar 19, 2023.
             Was an Initiate of Makhleb.
             Slain by a troll (11 damage)
             ... on level 7 of the Dungeon.
             The game lasted 00:11:50 (7475 turns).

Grim the Cleaver (Minotaur Fighter)                 Turns: 7475, Time: 00:11:51

HP:   -5/74 (78)    AC:  6    Str: 23    XL:     9   Next: 28%
MP:   9/9           EV:  9    Int:  7    God:    Makhleb [......]
Gold: 446           SH:  4    Dex: 10    Spells: 8/8 levels left

rFire   . . .      SeeInvis +    a - +0 war axe
rCold   . . .      Faith    .    c - +0 buckler
rNeg    . . .      Spirit   .    b - +0 scale mail
rPois   .          Reflect  .    (helmet restricted)
rElec   .          Rampage  .    (no cloak)
rCorr   .                        (no gloves)
Will    .....                    (no boots) Stlth
                                 (no amulet)
HPRegen 0.32/turn                l - ring of see invisible
MPRegen 0.11/turn                (no ring)

@: drained
A: horns 2, retaliatory headbutt
a: Renounce Religion


You were on level 7 of the Dungeon.
You worshipped Makhleb.
Makhleb was noncommittal.
You visited 2 branches of the dungeon, and saw 9 of its levels.

You collected 446 gold pieces.

Inventory:

Hand Weapons
 a - a +0 war axe (weapon)
 v - a +0 broad axe
Missiles
 t - 3 datura-tipped darts
 u - a boomerang (quivered)
Armour
 b - a +0 scale mail (worn)
 c - a +0 buckler (worn)
Jewellery
 l - a ring of see invisible (left hand)
Wands
 x - a wand of iceblast (19)
 B - a wand of digging (5)
Scrolls
 e - 2 scrolls of enchant armour {unknown}
 g - a scroll of amnesia {unknown}
 h - 3 scrolls of fog
 k - 2 scrolls of vulnerability {unknown}
 m - a scroll of magic mapping {unknown}
 n - a scroll of immolation {unknown}
 o - 2 scrolls of torment {unknown}
 y - a scroll of teleportation {unknown}
 A - a scroll of poison {unknown}
 C - a scroll of identify
Potions
 f - 3 potions of flight
 i - a potion of invisibility
 j - 4 potions of curing
 p - a potion of mutation {unknown}
 q - a potion of degeneration {unknown}
 r - 2 potions of ambrosia
 s - a potion of magic {unknown}
 w - 2 potions of resistance {unknown}
 z - 2 potions of brilliance {unknown}


   Skills:
 * Level 6.8 Fighting
 * Level 13.6 Axes
 - Level 3.6 Armour
 - Level 3.6 Shields
 + Level 1.9 Invocations


You had 8 spell levels left.
You didn't know any spells.
Your spell library contained the following spells:

 Spells                   Type           Power      Damage    Failure   Level
 Magic Dart               Conj           0%         1d3       83%         1
 Call Imp                 Summ           0%         N/A       92%         2
 Poisonous Vapours        Pois/Air       0%         N/A       92%         2
 Mephitic Cloud           Conj/Pois/Air  0%         N/A       99%         3
 Tukima's Dance           Hex            0%         N/A       99%         3
 Passage of Golubria      Tloc           0%         N/A       100%        4
 Summon Forest            Summ/Tloc      0%         N/A       100%        5
 Yara's Violent Unravell  Hex/Tmut       0%         3d3       100%        5
 Malign Gateway           Summ/Tloc      0%         N/A       100%        7


Dungeon Overview and Level Annotations

Branches:
Dungeon (8/15)             Temple (1/1) D:6
   Lair: D:8-11

Altars:
Ashenzari
Cheibriados
Dithmenos
Kikubaaqudgha
Makhleb
Okawaru
Ru
Sif Muna
Trog
Uskayaw
Vehumet
Xom
Yredelemnul
Zin
The Shining One

Shops:
D:2 (   D:4 ?[


Innate Abilities, Weirdness & Mutations

You have a pair of horns on your head.
You reflexively headbutt those who attack you in melee.


Message History

The wight hits you with a +5 mace!
* * * LOW HITPOINT WARNING * * *
You are too injured to fight recklessly!
You are too injured to fight recklessly!
You are too injured to fight recklessly!
You slash the wight!
You destroy the wight!
Makhleb accepts your kill.
You hit the wight but do no damage. The wight hits you with a +5 halberd!
* * * LOW HITPOINT WARNING * * *
A troll comes into view.
The troll shouts!
You block the wight's attack.
Things that are here:
a +5 mace; a +2 robe of cold resistance You block the wight's attack.
There is a stone staircase leading up here.
You block the wight's attack.
You climb upwards.
There is a stone staircase leading down here.
You start resting.
HP restored.
You climb downwards.
The troll bites you! The troll claws you but does no damage.
The troll claws you!
There is a stone staircase leading up, spattered with blood here.
The troll bites you!
* * * LOW HITPOINT WARNING * * *
The troll barely misses you. The troll claws you!
* * * LOW HITPOINT WARNING * * *
You climb upwards.
There is a stone staircase leading down here.
You closely miss the troll. The troll bites you!
* * * LOW HITPOINT WARNING * * *
The troll claws you but does no damage. The troll barely misses you.
You hit the troll.
The troll is lightly wounded.
The troll bites you!
* * * LOW HITPOINT WARNING * * *
The troll claws you!
You die...

##### ....#
....##########
.............#
##.#########.#####
................@#
##.#########.###T#
##.# #.###.# ##.#
#.....# ##.#
#####.#
...######## #.#
..........# #.#
...######.# #.#
...##.....# #.#


You could see a troll.

Vanquished Creatures
  Grinder (D:3)
  A steam dragon (D:7)
  An orc warrior (D:6)
  3 black bears (D:5)
  A sky beast (D:5)
  2 ogres (D:4)
  A phantom (D:7)
  A kobold brigand (D:8)
  Blork the orc (D:4)
  A bullfrog (D:6)
  5 scorpions
  3 wights (D:8)
  5 killer bees
  A howler monkey (D:5)
  A hound (D:4)
  3 orc priests
  A sleepcap (D:4)
  Ijyb (D:4)
  Terence (D:3)
  3 iguanas
  6 orc wizards
  10 adders
  3 white imps
  A worm (D:2)
  3 dart slugs
  22 orcs
  3 bats
  11 endoplasms
  A giant cockroach (D:1)
  7 goblins
  2 hobgoblins
  A quokka (D:1)
  5 ball pythons
  5 frilled lizards
  8 kobolds
  3 rats
128 creatures vanquished.

Vanquished Creatures (others)
  A plant (D:2)
1 creature vanquished.

Grand Total: 129 creatures vanquished

Notes
Turn   | Place    | Note
-------+----------+-------------------------------------------
     0 | D:1      | Grim the Minotaur Fighter began the quest for the Orb.
     0 | D:1      | Reached XP level 1. HP: 19/19 MP: 0/0
   191 | D:1      | Reached skill level 3 in Axes
   273 | D:1      | Reached XP level 2. HP: 24/26 MP: 1/1
   527 | D:1      | Reached skill level 4 in Axes
   898 | D:2      | Found Yrasoibb's Weapon Boutique.
   918 | D:2      | You fall into a shaft and drop 2 floors!
   927 | D:4      | Found Itemot's Antique Armour Shoppe.
   939 | D:4      | Reached XP level 3. HP: 31/31 MP: 2/2
   977 | D:4      | Noticed an ogre
  1148 | D:2      | Found a bloodstained altar of Trog.
  1159 | D:2      | Reached skill level 5 in Axes
  1352 | D:2      | Got Rioc's Book of Toxicants and Portals
  1527 | D:2      | Reached XP level 4. HP: 37/39 MP: 3/3
  1832 | D:3      | Noticed Grinder
  1832 | D:3      | Paralysed by Grinder for 4 turns
  1847 | D:3      | Killed Grinder
  1848 | D:3      | Reached skill level 7 in Axes
  1848 | D:3      | Reached XP level 5. HP: 4/45 MP: 4/4
  2192 | D:3      | Noticed Terence
  2195 | D:3      | Reached XP level 6. HP: 49/51 MP: 5/5
  2203 | D:3      | Killed Terence
  2449 | D:4      | Reached skill level 8 in Axes
  2526 | D:4      | Found an ancient bone altar of Kikubaaqudgha.
  2582 | D:4      | Reached skill level 9 in Axes
  2626 | D:4      | Reached XP level 7. HP: 53/57 MP: 6/6
  2852 | D:4      | Noticed Ijyb
  2864 | D:4      | Killed Ijyb
  3202 | D:4      | Found Ytydaj's Magic Scroll Shop.
  3260 | D:4      | Noticed Blork the orc
  3272 | D:4      | Killed Blork the orc
  3273 | D:4      | Reached skill level 10 in Axes
  3582 | D:5      | Entered Level 5 of the Dungeon
  3965 | D:5      | Reached skill level 11 in Axes
  4141 | D:5      | Reached XP level 8. HP: 38/64 MP: 7/7
  4826 | D:5      | Reached skill level 12 in Axes
  5044 | D:6      | Found a staircase to the Ecumenical Temple.
  5511 | D:5      | Reached skill level 5 in Fighting
  5511 | D:5      | Reached skill level 13 in Axes
  5957 | Temple   | Entered the Ecumenical Temple
  6137 | Temple   | Became a worshipper of Makhleb the Destroyer
  6378 | D:7      | Reached XP level 9. HP: 49/75 MP: 8/8
  6627 | D:7      | Reached skill level 1 in Invocations
  7000 | D:8      | HP: 3/77 [poisoned by a killer bee]
  7310 | D:8      | Noticed a troll
  7475 | D:7      | Slain by a troll

Illustrated notes

Levels and vault maps discovered:
D:1:      lemuel_arrival_tunnels, layout_basic
D:2:      layout_loops_corners, serial_forest, infiniplex_forest_lined_room_,
          infiniplex_forest_3_way, infiniplex_forest_lined_corner,
          infiniplex_forest_clump_cross, infiniplex_forest_lined_corner,
          infiniplex_forest_straight_2, infiniplex_forest_lined_2,
          infiniplex_forest_lined_2, infiniplex_forest_clump_curved,
          infiniplex_forest_zigzag_1, serial_shops, shop, basic_altar
D:3:      layout_rooms, grunt_ministairs_13, amcnicky_mini_pool_small,
          chequers_serial_rivers_micro_c, uniq_terence, uniq_grinder
D:4:      layout_basic, kiku_gazebo_garden_becter, serial_shops, shop,
          nicolae_take_the_stairs, grunt_ministairs_3, minmay_fractal_squares_5,
          uniq_blork_the_orc, uniq_ijyb
D:5:      layout_basic, columned_hall_lemuel
D:6:      layout_cave_pools, minmay_temple_entry_purple_smoke,
          dreamdust_wishing_well, st_stairs_10
D:7:      layout_basic
D:8:      layout_cave_pools, minitemple, worms_lemuel
Temple:   nicolae_temple_great_sept

Skill      XL: |  1  2  3  4  5  6  7  8  9 |
---------------+----------------------------+-----
Axes           | 3 4 5 7 9 11 13 | 13.6
Fighting       | 5 6 |  6.8
Invocations    | 1 |  1.9
Armour         | |  3.6
Shields        | |  3.6

Action                     |  1- 3 |  4- 6 |  7- 9 || total
---------------------------+-------+-------+-------++-------
  Melee: War axe           |    86 |    31 |   207 ||   324
         Headbutt          |    13 |     5 |    39 ||    57
  Throw: Dart              |       |     2 |    14 ||    16
         Boomerang         |       |       |     4 ||     4
  Evoke: Wand              |       |       |     1 ||     1
    Use: Potion            |       |     1 |     4 ||     5
         Scroll            |       |       |     5 ||     5
   Stab: Invisible         |       |       |     1 ||     1
 Armour: Scale mail        |    45 |     8 |    81 ||   134
  Dodge: Dodged            |    36 |    12 |   117 ||   165
  Block: Buckler           |    11 |     3 |    48 ||    62

Table legend: (Time is in decaauts)
 A = Elapsed time spent in this place.
 B = Non-inter-level travel time spent in this place.
 C = Inter-level travel time spent in this place.
 D = Time resting spent in this place.
 E = Time spent auto-exploring this place.
 F = Levels seen in this place.
 G = Mean time per level.
                   A        B        C        D        E       F      G
               +--------+--------+--------+--------+--------+-----+--------+
         Total |   7515 |   7251 |    264 |   1766 |   4379 |   9 |  835.0 |
       Dungeon |   7324 |   7071 |    253 |   1766 |   4316 |   8 |  915.5 |
        Temple |    190 |    180 |     10 |      0 |     63 |   1 |  190.0 |
               +--------+--------+--------+--------+--------+-----+--------+

Top non-repeatable levels by time:
     D:5: 1513 daAuts
     D:4: 1208 daAuts
     D:7: 972 daAuts
     D:2: 917 daAuts
     D:6: 892 daAuts
     D:1: 831 daAuts
     D:3: 660 daAuts
     D:8: 327 daAuts
  Temple: 190 daAuts
